AoeStats
← SanitaryCupid50

Arena

507607409Analyzed
2v2 RM · 13d ago on Sep 19, 2026· 46m 9s· 4 players
Game mode
Random Map
Map size
Medium (4 player)
Population
200
Speed
Normal
Resources
Standard
Victory
Conquest
Starting age
Dark Age
Ending age
Imperial Age
RankedLock teamsTeams togetherTeam positionsShared explorationLock speedFull tech treeHidden civsTurbo modeCheats
Victory
Defeat
🇺🇸 Bohemians · United States
888
+14
🇨🇦 Burgundians · Canada
833
+16
🇲🇽 Sicilians · Mexico
879
-39
🇦🇷 Mongols · Argentina
784
-13
SanitaryCupid50
5:35 Loom
9:34 Double-Bit Axe
11:26 Feudal Age
11:38 Feudal Age
11:31 Horse Collar
16:19 Castle Age
14:43 Bow Saw
14:33 Gold Mining
15:06 Heavy Plow
18:11 Two-Man Saw
21:14 Sanctity
21:56 Scale Barding Armor
22:01 Forging
22:35 Fervor
22:26 Cavalier
23:07 Husbandry
24:03 Wheelbarrow
24:37 Chain Barding Armor
26:19 Iron Casting
27:59 Wheelbarrow
27:45 Town Watch
31:23 Imperial Age
29:19 Fletching
28:52 Pikeman
28:54 Light Cavalry
30:16 Hand Cart
31:21 Squires
31:23 Scale Mail Armor
31:41 Paladin
33:12 Plate Barding Armor
34:06 Blast Furnace
33:49 Gold Shaft Mining
34:10 Chain Mail Armor
36:01 Town Patrol
36:18 Guilds
36:42 Coinage
37:38 Conscription
38:27 Plate Mail Armor
37:55 Bodkin Arrow
38:20 Burgundian Vineyards
38:10 Stone Mining
39:44 Treadmill Crane
40:18 Masonry
40:19 Fortified Wall
41:10 Chemistry
41:57 Stone Shaft Mining
44:22 Architecture
44:53 Hoardings
LordZooK25
11:24 Feudal Age
12:02 Feudal Age
13:20 Double-Bit Axe
13:18 Horse Collar
21:24 Castle Age
22:28 Bow Saw
23:03 Wheelbarrow
22:21 Town Watch
23:23 Heavy Plow
25:53 Chemistry
25:23 Ballistics
26:14 Town Patrol
26:32 Hand Cart
29:43 Fletching
36:12 Imperial Age
37:36 Houfnice
39:53 Forging
39:43 Scale Mail Armor
39:08 Pikeman
40:36 Hand Cart
40:12 Halberdier
40:56 Squires
41:36 Iron Casting
40:56 Bodkin Arrow
41:23 Siege Engineers
ralanis_99
12:01 Feudal Age
13:16 Man-at-Arms
19:19 Horse Collar
19:30 Double-Bit Axe
19:50 Arson
21:05 Wheelbarrow
25:43 Castle Age
24:14 Gold Mining
25:05 Fletching
25:51 Stone Mining
26:11 Gambesons
27:08 Bow Saw
26:31 Crossbowman
27:15 Heavy Plow
32:16 Hand Cart
39:40 Imperial Age
36:59 Loom
37:01 Town Watch
38:16 Gold Shaft Mining
37:05 Long Swordsman
37:46 Squires
38:33 Caravan
39:27 Murder Holes
41:36 Chemistry
40:21 Arrowslits
40:39 Padded Archer Armor
40:35 Bodkin Arrow
40:50 Forging
40:47 Heavy Scorpion
41:11 Elite Skirmisher
42:38 Conscription
42:22 Arbalester
43:08 Husbandry
43:20 Bloodlines
43:51 Hoardings
43:21 Light Cavalry
44:55 Cavalier
45:57 Two-Handed Swordsman
Bin Salmán
12:38 Feudal Age
10:57 Loom
12:44 Feudal Age
14:04 Gold Mining
16:31 Castle Age
17:01 Fletching
18:16 Double-Bit Axe
19:47 Padded Archer Armor
20:51 Bodkin Arrow
21:18 Horse Collar
23:50 Bow Saw
24:15 Stone Mining
25:05 Gold Shaft Mining
24:59 Leather Archer Armor
25:58 Heavy Plow
28:07 Wheelbarrow
27:56 Thumb Ring
29:53 Ballistics
29:48 Bloodlines
29:50 Husbandry
35:32 Imperial Age
33:18 Loom
34:10 Hand Cart
36:53 Parthian Tactics
36:32 Bracer
37:48 Chemistry
37:28 Town Watch
38:08 Heavy Cavalry Archer
40:06 Scale Mail Armor
39:38 Onager
42:08 Pikeman
42:49 Squires
43:06 Chain Mail Armor
43:57 Forging
44:21 Plate Mail Armor
45:09 Forging
Connection lost

Rejoining the realm…

Still unreachable

The connection could not be restored.

Session expired

The server has moved on; the page needs a fresh start.